 Dungeon Crawl Stone Soup version 0.29-a0-872-g797fff5ad1 (webtiles) character file.

Game seed: 1483000205147789526

4 cojito the Magician (level 2, -5/20 HPs)
             Began as a Meteoran Wanderer on July 19, 2022.
             Slain by a gnoll
             ... wielding a +0 spear
              (7 damage)
             ... on level 1 of the Dungeon.
             The game lasted 00:01:42 (214 turns).

cojito the Magician (Meteoran Wanderer)              Turns: 214, Time: 00:01:42

Health: -5/20      AC:  2    Str: 12    XL:     2   Next: 0%
Magic:  4/8        EV: 11    Int: 12    God:
Gold:   25         SH:  5    Dex: 15    Spells: 8/9 levels left

rFire   . . .      SeeInvis .   a - +0 dagger
rCold   . . .      Faith    .   d - +0 buckler
rNeg    . . .      Spirit   .   c - +0 robe
rPois   .          Reflect  .   (no helmet)
rElec   .          Harm     .   (no cloak)
rCorr   .          Rampage  .   (no gloves)
Will    .....                   (no boots)
Stlth   +.........              (no amulet)
HPRegen 0.06/turn               (no ring)
MPRegen 0.11/turn               (no ring)

@: glowing
A: sense surroundings 1, otherworldly, glowing, explore regen
a: no special abilities


You were on level 1 of the Dungeon.
You visited 1 branch of the dungeon, and saw 1 of its levels.

You collected 25 gold pieces.

Inventory:

Hand Weapons
 a - a +0 dagger (weapon)
Missiles
 f - 10 stones (quivered)
Armour
 c - a +0 robe (worn)
 d - a +0 buckler (worn)
 h - a +0 leather armour
Scrolls
 g - a scroll of brand weapon {unknown}
Potions
 b - a potion of curing
 e - a potion of attraction {unknown}
 i - a potion of cancellation {unknown}


   Skills:
 - Level 1.2 Armour
 + Level 0.4 Dodging
 + Level 3.7 Shields
 + Level 4.1 Spellcasting
 - Level 2.1 Necromancy
 * Level 1.4 Ice Magic


You had 8 spell levels left.
You knew the following spells:

 Your Spells              Type           Power      Damage    Failure   Level
a - Freeze                Ice            20%        1d4       16%         1

Your spell library contained the following spells:

 Spells                   Type           Power      Damage    Failure   Level
 Necrotise                Necr           28%        1d5       12%         1
 Ozocubu's Armour         Ice            5%         N/A       43%         3
 Animate Dead             Necr           7%         N/A       75%         4
 Corpse Rot               Necr/Pois/Air  4%         N/A       91%         4


Dungeon Overview and Level Annotations

Branches:
Dungeon (1/15) Zot: 384

Altars:


Innate Abilities, Weirdness & Mutations

You passively map a small area around you.
You are easily found by Zot.
You glow in the dark.
You regain HP and MP as you explore.


Message History

You see here a ball python corpse.
The gnoll hits you but does no damage. The gnoll hits you with a +0 spear!
Casting: Freeze (safe; 16% risk of failure)
Confirm with . or Enter, or press ? or * to list all spells.
Aiming: Freeze (safe; 16% risk of failure)
Press: ? - help, Shift-Dir - straight line, f - gnoll
Aim: a gnoll, wielding a +0 spear You freeze the gnoll.
The gnoll is moderately wounded.
The gnoll barely misses you.
Casting: Freeze (safe; 16% risk of failure)
Confirm with . or Enter, or press ? or * to list all spells.
Aiming: Freeze (safe; 16% risk of failure)
Press: ? - help, Shift-Dir - straight line, f/p - gnoll
Aim: a gnoll, wielding a +0 spear (moderately wounded)
You freeze the gnoll.
The gnoll is moderately wounded.
The gnoll hits you with a +0 spear.
The rat twitches its whiskers.
The rat bites you.
Casting: Freeze (safe; 16% risk of failure)
Confirm with . or Enter, or press ? or * to list all spells.
Aiming: Freeze (safe; 16% risk of failure)
Press: ? - help, Shift-Dir - straight line, f/p - gnoll
Aim: a gnoll, wielding a +0 spear (moderately wounded)
You freeze the gnoll.
The gnoll is heavily wounded.
The gnoll hits you with a +0 spear.
* * * LOW HITPOINT WARNING * * *
The rat misses you.
Casting: Freeze (safe; 16% risk of failure)
Confirm with . or Enter, or press ? or * to list all spells.
Aiming: Freeze (safe; 16% risk of failure)
Press: ? - help, Shift-Dir - straight line, f/p - gnoll
Aim: a gnoll, wielding a +0 spear (heavily wounded)
You freeze the gnoll.
The gnoll is severely wounded.
The rat closely misses you. The gnoll hits you with a +0 spear!
You die...

#8.8#, > .....## ##.### ,, ##.##
#.##....###..# , ##.##
....#).....## ,.. #8.8#
###........### #.# ##.##,
.#.......#.....# #..# ##.##
*............#### ##...#. #8.8#
*##.#........# ###...... ##.##
#........#..######.....>..
#'####..##....r@................
#...#...##....g##....†..........
###...#.##...†.###...##.........
#.....##.....# ###.#).........
###....###.....# #....######...
#.....## #.....####..### ...
#.#...# #####..##..## * ..
##.##### #......# ,. #...#
##..##.# * .


You could see a gnoll and a rat.

Vanquished Creatures
  A ball python (D:1)
  A hobgoblin (D:1)
  A quokka (D:1)
  A bat (D:1)
4 creatures vanquished.

Notes
Turn   | Place    | Note
-------+----------+-------------------------------------------
     0 | D:1      | cojito the Meteoran Wanderer began the quest for the Orb.
     0 | D:1      | cojito set off with the following items: a +0 dagger, a
                  | potion of curing, a +0 robe, a +0 buckler; and the
                  | following spells available to memorise: Necrotise, Freeze,
                  | Ozocubu's Armour, Animate Dead, Corpse Rot.
     0 | D:1      | Reached XP level 1. HP: 14/14 MP: 6/6
     2 | D:1      | Learned a level 1 spell: Freeze
   181 | D:1      | Reached XP level 2. HP: 14/20 MP: 8/8
   214 | D:1      | Slain by a gnoll

Illustrated notes

Levels and vault maps discovered:
D:1:      minmay_arrival_split_and_join, layout_rooms, dk_noncrumbling_2,
          minmay_pentomino_v2

Action                   || total
-------------------------++-------
Melee: Dagger            ||     7
 Cast: Freeze            ||    10
Armor: Robe              ||     3
Dodge: Dodged            ||     7
Block: Buckler           ||     3

Table legend: (Time is in decaauts)
 A = Elapsed time spent in this place.
 B = Non-inter-level travel time spent in this place.
 C = Inter-level travel time spent in this place.
 D = Time resting spent in this place.
 E = Time spent auto-exploring this place.
 F = Levels seen in this place.
 G = Mean time per level.
                   A        B        C        D        E       F      G
               +--------+--------+--------+--------+--------+-----+--------+
         Total |    214 |    214 |      0 |      4 |     20 |   1 |  214.0 |
       Dungeon |    214 |    214 |      0 |      4 |     20 |   1 |  214.0 |
               +--------+--------+--------+--------+--------+-----+--------+

Top non-repeatable levels by time:
     D:1: 214 daAuts
